Map: Thunderbird LE

Players

TSGSolar (Solar) - Winner!

  • Race: Zerg Zerg
  • League: Diamond
  • Spawn Location: 11:00

llllllllllll (GuMiho)

  • Race: Terran Terran
  • League: Master
  • Spawn Location: 5:00

Event: 2019 Assembly Summer

VOD

Have the link to the VOD?

Description

Time

  • Played on: Aug. 3, 2019, 6:42 a.m.
  • Length: 16:22

All games in this series

Show
View Real Time Build Order
Export as new Build Order

TSGSolar Zerg - Winner!

Build Orders: Hatch First, Muta Ling Bane 

Get SALT Encoding   

  12  0:01  Drone  
  13  0:12  Overlord  
  13  0:16  Drone  
  14  0:31  Drone x2  
  16  0:48  Hatchery  
  15  0:51  Drone  
  15  0:54  Drone  
  17  0:58  Drone  
  18  1:11  Spawning Pool  
  17  1:14  Drone  
  18  1:20  Drone  
  19  1:38  Hatchery  
  18  1:40  Drone  
  19  2:00  Queen x2  
  23  2:01  Zergling x2  
  23  2:05  Zergling x2  
  25  2:09  Overlord  
  25  2:12  Drone  
  25  2:15  Drone  
  27  2:17  Drone  
  28  2:28  Drone x2  
  30  2:35  Drone  
  30  2:36  Drone, Queen  
  34  2:45  Overlord  
  34  2:47  Drone  
  34  2:50  Queen  
  37  2:51  Drone  
  37  2:54  Drone  
  37  2:56  Drone  
  40  3:01  Drone  
  40  3:05  Drone, Extractor  
  41  3:06  Drone  
  41  3:07  Extractor  
  41  3:11  Queen  
  43  3:17  Drone  
  43  3:18  Overlord  
  43  3:20  Drone  
  43  3:21  Drone x2  
  43  3:24  Drone  
  43  3:26  Drone  
  48  3:29  Drone  
  49  3:35  Queen  
  49  3:37  Overlord  
  49  3:39  Zergling x2  
  49  3:40  Drone  
  53  3:43  Spore Crawler  
  53  3:44  Spore Crawler  
  51  3:49  Spore Crawler  
  51  3:51  Metabolic Boost  
  51  3:55  Drone  
  51  3:57  Overlord  
  51  4:00  Drone x2  
  51  4:02  Drone  
  54  4:03  Drone  
  54  4:05  Drone  
  54  4:07  Drone  
  57  4:12  Lair  
  57  4:15  Zergling x2  
  57  4:16  Zergling x2  
  59  4:17  Drone  
  59  4:21  Drone x3  
  63  4:28  Roach Warren  
  63  4:31  Drone x3  
  65  4:37  Overlord  
  65  4:44  Overlord  
  65  4:51  Overlord  
  65  4:55  Drone x4  
  65  4:56  Drone x4  
  65  4:57  Overlord  
  65  4:58  Zergling x2, Extractor  
  65  4:59  Overlord, Extractor  
  72  5:01  Drone x2  
  74  5:08  Drone x2  
  74  5:10  Overseer  
  74  5:11  Extractor  
  74  5:14  Overseer, Extractor  
  71  5:16  Drone, Spire  
  71  5:17  Drone x2  
  71  5:18  Drone  
  71  5:20  Drone x2  
  73  5:23  Drone  
  73  5:24  Drone x2  
  73  5:26  Drone  
  77  5:32  Overlord  
  77  5:33  Drone x2  
  77  5:35  Zergling x6  
  82  5:45  Overseer  
  82  5:46  Overlord  
  82  5:47  Roach x2  
  86  5:52  Roach  
  86  5:53  Drone  
  86  5:54  Drone x4  
  93  5:58  Glial Reconstitution, Evolution Chamber  
  93  5:59  Drone, Evolution Chamber  
  93  6:02  Overlord  
  91  6:10  Drone  
  92  6:15  Roach  
  92  6:16  Roach  
  96  6:24  Roach  
  98  6:26  Roach x2  
  98  6:28  Mutalisk x5  
  98  6:32  Mutalisk  
  114  6:37  Mutalisk  
  114  6:39  Zergling x12  
  122  6:47  Zergling x4  
  124  6:49  Baneling Nest  
  124  6:50  Overlord  
  124  6:51  Overlord  
  123  6:56  Overlord  
  123  6:59  Zerg Ground Armor Level 1, Zerg Melee Weapons Level 1  
  123  7:00  Hatchery, Zergling x2  
  123  7:02  Drone  
  123  7:06  Drone  
  125  7:09  Zergling x16  
  133  7:18  Drone x2  
  133  7:21  Drone x2  
  129  7:23  Drone  
  129  7:28  Drone  
  131  7:32  Zerg Flyer Weapons Level 1  
  131  7:33  Drone  
  131  7:34  Centrifical Hooks  
  131  7:35  Drone  
  133  7:40  Overlord x3  
  133  7:42  Mutalisk x4  
  141  7:44  Extractor  
  141  7:45  Drone x3  
  141  7:47  Baneling x4  
  141  7:48  Drone x2  
  145  7:55  Overlord, Pneumatized Carapace  
  145  7:57  Drone  
  145  8:00  Drone  
  145  8:03  Overlord  
  146  8:08  Zergling x2  
  146  8:09  Zergling x6  
  150  8:13  Zergling x16  
  153  8:27  Drone x3  
  153  8:31  Queen  
  153  8:33  Mutalisk x3  
  163  8:42  Infestation Pit  
  163  8:43  Drone x3  
  163  8:44  Drone  
  163  8:45  Drone  
  166  8:53  Drone  
  160  8:56  Drone x2  
  160  8:58  Drone x5  
  160  9:02  Drone x5  
  168  9:03  Hatchery  
  168  9:07  Overlord  
  165  9:11  Zerg Ground Armor Level 2  
  165  9:12  Zerg Melee Weapons Level 2  
  165  9:13  Zergling x2  
  165  9:14  Baneling x3, Zergling x4  
  165  9:15  Baneling, Ravager x3  
  171  9:20  Hatchery, Hive  
  170  9:25  Drone x2  
  170  9:26  Zergling x12  
  176  9:34  Zergling x16  
  176  9:35  Overseer  
  176  9:38  Drone  
  177  9:48  Zergling x2  
  177  9:49  Zergling x10  
  182  9:55  Zergling x8  
  182  9:56  Zergling x2  
  182  9:58  Drone x2  
  189  10:00  Zergling x10  
  189  10:05  Zergling x4  
  196  10:09  Mutalisk  
  188  10:15  Drone x2  
  188  10:16  Mutalisk x4  
  188  10:21  Baneling x13  
  197  10:25  Zergling x6  
  200  10:30  Baneling x11  
  200  10:31  Baneling x3  
  200  10:33  Hatchery  
  198  10:48  Zergling x4  
  198  10:49  Adrenal Glands, Zergling x6  
  199  10:51  Greater Spire  
  199  10:55  Extractor  
  199  10:56  Spore Crawler, Drone x3  
  198  10:57  Zergling x2  
  199  11:07  Zergling x4  
  199  11:10  Zergling x4  
  200  11:14  Baneling x9  
  198  11:22  Zergling x6  
  198  11:23  Zergling x6  
  198  11:24  Zergling x2  
  199  11:28  Overseer, Baneling x8  
  199  11:29  Zergling x4  
  199  11:30  Zerg Ground Armor Level 3  
  199  11:34  Baneling x8  
  196  11:40  Zergling x4  
  196  11:41  Zergling x2  
  199  11:47  Zergling x2  
  199  11:52  Zergling x4  
  199  12:00  Zerg Melee Weapons Level 3  
  199  12:14  Zergling x30  
  177  12:16  Zergling x6  
  177  12:17  Zergling x32  
  177  12:18  Zergling x10  
  177  12:22  Zergling x4  
  182  12:27  Zergling x10  
  182  12:28  Baneling  
  182  12:29  Zergling x12  
  191  12:33  Baneling x8  
  191  12:34  Zergling x8  
  188  12:43  Zergling x12  
  179  12:49  Zergling x12  
  181  12:51  Corruptor  
  181  12:56  Corruptor x4  
  177  12:58  Zergling x2  
  177  12:59  Zergling x18  
  177  13:04  Zergling x8  
  176  13:07  Corruptor x2  
  176  13:11  Overlord  
  176  13:15  Zergling x10  
  176  13:18  Corruptor  
  180  13:20  Zerg Flyer Armor Level 1, Zergling x2  
  180  13:21  Zergling x6  
  180  13:23  Baneling x13  
  180  13:25  Zergling x2  
  185  13:29  Zergling x2  
  185  13:32  Brood Lord x5  
  185  13:33  Zergling x8  
  199  13:34  Zergling x2  
  199  13:41  Spore Crawler  
  199  13:42  Spine Crawler, Brood Lord  
  199  13:45  Brood Lord  
  199  13:52  Brood Lord  
  200  13:57  Baneling x6  
  200  14:00  Extractor  
  198  14:04  Zergling x2  
  193  14:17  Zergling x14  
  193  14:19  Overseer  
  193  14:23  Baneling x12  
  200  14:31  Zergling x22  
  200  14:36  Zergling x2  
  200  14:37  Zergling x4  
  200  14:39  Baneling x6  
  200  14:43  Zergling x4  
  195  14:46  Zergling x10  
  195  14:52  Zergling x4  
  199  14:59  Zergling x2  
  200  15:06  Zergling x2  
  200  15:07  Zergling x34  
  194  15:09  Zergling x2  
  194  15:13  Corruptor  
  178  15:17  Baneling x7  
  178  15:18  Baneling x10, Corruptor x6  
  190  15:25  Zergling x8  
  190  15:27  Baneling x5  
  190  15:28  Baneling x8, Zergling x2  
  194  15:29  Zergling x10  
  194  15:31  Hatchery, Baneling x10  
  194  15:32  Baneling  
  199  15:53  Zergling x2  
  199  15:56  Overlord x3  
  200  15:59  Overlord  
  200  16:00  Overlord  
  194  16:05  Zergling x2  
Show
View Real Time Build Order
Export as new Build Order

llllllllllll Terran 

Build Orders: Banshee Rush 

Get SALT Encoding   

  12  0:00  SCV  
  13  0:12  SCV  
  14  0:16  Supply Depot  
  14  0:24  SCV  
  15  0:38  SCV  
  15  0:40  Barracks  
  16  0:42  Refinery  
  16  0:50  SCV  
  17  1:02  SCV  
  18  1:14  SCV  
  19  1:27  Orbital Command  
  19  1:35  Command Center  
  19  1:45  Factory  
  19  1:48  Marine  
  19  1:53  SCV  
  21  2:01  Supply Depot  
  21  2:05  SCV  
  21  2:07  Refinery  
  22  2:09  Barracks Tech Lab  
  22  2:17  SCV  
  23  2:29  SCV  
  24  2:31  Starport  
  24  2:32  Hellion  
  26  2:41  SCV  
  27  2:46  Orbital Command  
  27  2:53  Hellion, SCV  
  30  3:05  SCV  
  30  3:07  Cloaking Field, Banshee  
  34  3:13  SCV  
  34  3:17  Hellion  
  34  3:19  Barracks Reactor  
  39  3:32  Command Center  
  39  3:34  SCV  
  38  3:36  SCV  
  38  3:41  Supply Depot  
  39  3:46  SCV  
  40  3:48  SCV  
  40  3:50  Banshee  
  40  3:52  Factory Tech Lab  
  44  3:58  SCV  
  44  4:00  SCV  
  46  4:03  Supply Depot  
  46  4:10  SCV  
  46  4:12  SCV  
  46  4:16  Stimpack  
  48  4:19  Factory Reactor  
  48  4:22  SCV  
  49  4:25  SCV  
  49  4:26  Barracks  
  49  4:28  Barracks  
  50  4:34  SCV  
  50  4:37  SCV  
  50  4:38  Refinery  
  52  4:39  Refinery  
  52  4:40  Engineering Bay  
  52  4:42  Engineering Bay  
  52  4:43  Starport Reactor  
  52  4:45  Orbital Command  
  52  4:46  Marine  
  52  4:49  SCV  
  52  4:50  SCV  
  55  4:54  Supply Depot  
  55  5:01  SCV  
  55  5:02  SCV  
  55  5:04  Marine  
  58  5:09  Terran Infantry Armor Level 1, Terran Infantry Weapons Level 1  
  58  5:14  SCV x2  
  60  5:16  Marine x2  
  60  5:20  SCV  
  63  5:26  Marine x2, Barracks, SCV x2  
  63  5:27  Barracks  
  63  5:28  Marine  
  68  5:30  Medivac  
  68  5:33  Medivac  
  68  5:35  SCV  
  73  5:38  SCV  
  73  5:39  Supply Depot  
  73  5:40  Marine  
  73  5:41  Marine  
  76  5:44  SCV  
  76  5:47  SCV  
  76  5:48  Armory  
  78  5:53  Factory  
  78  5:55  Factory Reactor  
  78  5:57  SCV x2  
  78  5:59  SCV  
  78  6:01  Supply Depot  
  81  6:04  Supply Depot  
  81  6:09  SCV  
  81  6:10  SCV  
  81  6:11  SCV  
  84  6:13  Marine x3  
  84  6:14  Marine  
  84  6:15  Barracks Reactor x2  
  84  6:16  Combat Shield  
  88  6:22  SCV x2  
  88  6:23  Supply Depot, SCV  
  88  6:24  Marine  
  92  6:26  Supply Depot  
  92  6:31  Marine x2  
  94  6:37  SCV x3  
  97  6:40  Supply Depot  
  97  6:41  Drilling Claws, Widow Mine x3  
  103  6:47  Missile Turret  
  103  6:49  SCV x3  
  103  6:51  Medivac x2  
  103  6:52  Marine x2  
  103  6:53  Marine  
  113  6:56  Marine x2  
  113  6:57  Marine x2  
  113  6:59  Marine  
  118  7:02  Marine  
  118  7:04  Widow Mine x2  
  123  7:13  Refinery x2  
  123  7:14  Supply Depot  
  123  7:19  Marine x2  
  123  7:22  Siege Tank  
  123  7:23  Medivac x2  
  123  7:27  Marine x2  
  123  7:29  Marine  
  125  7:30  Marine x4  
  125  7:31  Widow Mine  
  125  7:32  Widow Mine  
  125  7:36  Marine  
  125  7:37  Marine  
  123  7:41  Command Center  
  125  7:46  Missile Turret  
  125  7:48  Marine x2, Missile Turret  
  127  7:51  Marine  
  127  7:52  Marine x3  
  127  7:57  Siege Tank  
  134  8:01  Widow Mine x2  
  134  8:02  Marine  
  134  8:03  Marine  
  140  8:06  Marine  
  140  8:07  Terran Infantry Weapons Level 2  
  141  8:13  Terran Infantry Armor Level 2  
  140  8:37  Supply Depot x2, Medivac, Widow Mine x3  
  140  8:38  Supply Depot  
  138  8:43  SCV x3  
  138  8:44  Barracks  
  138  8:45  Barracks x2  
  141  8:55  Marine x2  
  143  9:00  Marine x2  
  143  9:01  Thor, Widow Mine  
  143  9:02  Widow Mine  
  155  9:03  Medivac  
  155  9:07  Medivac  
  153  9:13  Marine x2, Sensor Tower  
  155  9:18  Marine x2  
  155  9:19  Marine  
  155  9:20  Marine  
  155  9:21  Marine  
  160  9:26  Widow Mine x2  
  164  9:33  Medivac  
  164  9:34  Planetary Fortress, Marine x3  
  164  9:37  Medivac  
  171  9:40  Sensor Tower  
  171  9:44  Siege Tank  
  173  9:45  Marine x2  
  173  9:47  Barracks Tech Lab x2  
  173  9:48  Barracks Tech Lab, Widow Mine x2  
  179  9:54  Marine  
  179  9:58  Terran Vehicle And Ship Armor Level 1  
  179  9:59  Marine  
  180  10:00  Marine, Marauder  
  180  10:01  Missile Turret  
  183  10:09  Widow Mine  
  183  10:12  Marauder  
  187  10:17  Marine x6, Marauder  
  187  10:18  Marauder  
  187  10:19  Concussive Shells  
  195  10:21  Marauder  
  195  10:24  Barracks  
  195  10:25  Barracks  
  195  10:27  Barracks x2  
  197  10:34  Terran Infantry Weapons Level 3, Terran Infantry Armor Level 3  
  187  10:51  Marine  
  187  10:52  Marine x6, Marauder x4  
  187  10:53  Marine  
  195  11:02  Medivac x2  
  199  11:09  Marine  
  197  11:13  Marauder  
  199  11:20  Marine  
  191  11:28  Marine x4, Marauder  
  191  11:30  Siege Tank  
  200  11:37  Barracks Tech Lab x2  
  198  11:41  Barracks Tech Lab  
  198  11:42  Barracks Tech Lab  
  197  11:51  Marauder  
  194  11:56  Terran Vehicle And Ship Armor Level 2  
  194  11:58  Command Center  
  194  11:59  Marauder x2  
  198  12:12  Marine x4, Marauder  
  198  12:13  Marine x5, Marauder x4  
  198  12:14  Widow Mine x2  
  183  12:20  Marine x2  
  162  12:25  Medivac x2  
  164  12:30  Marine x8  
  164  12:31  Marauder  
  164  12:34  Marauder x5  
  180  12:38  Marine, Marauder  
  158  12:48  Marine x7  
  158  12:50  Marine  
  153  12:52  Marauder  
  153  12:55  Marine, Marauder x2  
  153  12:57  Marine, Marauder  
  153  12:58  Marauder  
  142  12:59  Marine  
  142  13:02  Widow Mine  
  129  13:05  Medivac, Widow Mine x2  
  129  13:06  Marine x3  
  129  13:07  Marine  
  129  13:08  Marine  
  129  13:09  Marine  
  129  13:10  Marine  
  136  13:13  Marauder  
  138  13:21  Marine x4, Marauder x2  
  138  13:23  Widow Mine  
  150  13:27  Widow Mine  
  150  13:30  Marauder x2  
  150  13:31  Marine x2  
  156  13:35  Marauder  
  156  13:36  Marine x2  
  156  13:38  Marine x3  
  156  13:39  Marine x4  
  167  13:41  Widow Mine  
  165  13:51  Widow Mine x2  
  165  13:54  Planetary Fortress  
  169  14:02  Sensor Tower  
  168  14:03  Widow Mine  
  168  14:08  Marauder  
  172  14:13  Widow Mine  
  172  14:15  Marine x2  
  172  14:16  Marine x2, Marauder  
  172  14:17  Marauder  
  182  14:20  Marine x3  
  182  14:21  Marine, Marauder  
  182  14:22  Marine x2  
  182  14:23  Marauder  
  191  14:29  Marine  
  180  14:33  Marine x2  
  180  14:34  Marine x2  
  180  14:37  Marauder  
  180  14:38  Marine x3, Marauder  
  183  14:39  Marine  
  183  14:40  Marauder x2  
  183  14:42  Marauder  
  183  14:43  Marine  
  176  14:47  Marine  
  176  14:51  Marine x2  
  176  14:52  Marine x2  
  173  14:55  Medivac x2  
  173  14:56  Marine x3  
  173  14:57  Marine  
  173  14:59  Marine  
  181  15:01  Marine x2  
  181  15:03  Marine  
  181  15:05  Marine  
  161  15:09  Marine x2  
  161  15:10  Marine x2  
  161  15:14  Marine x3, Widow Mine  
  140  15:15  Marine  
  140  15:16  Widow Mine  
  140  15:17  Marauder  
  140  15:19  Marauder  
  151  15:21  Marauder  
  151  15:22  Marine  
  151  15:26  Marine  
  151  15:27  Marine  
  151  15:28  Medivac x2  
  156  15:33  Widow Mine  
  158  15:35  Marine  
  158  15:36  Marine x3  
  158  15:37  Marine  
  158  15:39  Marauder  
  158  15:41  Marauder  
  158  15:42  Marine  
  168  15:43  Marine  
  168  15:48  Marine, Marauder  
  168  15:49  Marine  
  169  16:00  Marine  
  169  16:01  Marine  
Tags
 
Add a new tag
Caveats
  • Supply blocks, unpowered buildings, or Contaminate may cause inaccurate times.
  • Supply counts are checked every 10 seconds.